 Dungeon Crawl Stone Soup version 0.23-a0-449-g8e4cbf7 (webtiles) character file.

32 galech the Skirmisher (level 3, 23/29 HPs)
             Began as a Demonspawn Fighter on Nov 21, 2018.
             Quit the game on level 2 of the Dungeon.
             The game lasted 00:00:48 (724 turns).

galech the Skirmisher (Demonspawn Fighter)           Turns: 724, Time: 00:00:49

Health: 23/29      AC:  9    Str: 16    XL:     3   Next: 8%
Magic:  3/3        EV:  4    Int:  9    God:
Gold:   46         SH:  9    Dex: 13    Spells: 2/2 levels left

rFire    . . .     SeeInvis .   a - +0 war axe
rCold    . . .     Gourm    .   c - +0 shield
rNeg     . . .     Faith    .   i - +0 chain mail
rPois    .         Spirit   .   (helmet restricted)
rElec    .         Reflect  .   (no cloak)
rCorr    .         Harm     .   (no gloves)
MR       .....                  (no boots)
Stlth    ..........             (no amulet)
HPRegen  0.09/turn              (no ring)
MPRegen  0.08/turn              (no ring)

@: no status effects
A: horns 1, talons 1
a: no special abilities


You were on level 2 of the Dungeon.
You were not hungry.

You visited 1 branch of the dungeon, and saw 2 of its levels.

You collected 46 gold pieces.

Inventory:

Hand Weapons
 a - a +0 war axe (weapon)
Armour
 c - a +0 shield (worn)
 i - a +0 chain mail (worn)
Scrolls
 e - 2 scrolls of identify {unknown}
Potions
 d - a potion of might
 h - a potion of brilliance {unknown}
Comestibles
 f - 2 rations
 g - 3 chunks of flesh


   Skills:
 + Level 3.3 Fighting
 + Level 2.2 Axes
 + Level 3.0 Armour
 + Level 3.1 Shields


You had 2 spell levels left.
You didn't know any spells.
Your spell library was empty.

Dungeon Overview and Level Annotations

Branches:
Dungeon (2/15)

Altars:


Innate Abilities, Weirdness & Mutations

You have a pair of small horns on your head.
You have sharp toenails.


Message History

You block the worm's attack.
You hit the worm but do no damage. You claw the worm.
You kill the worm!
No target in view!
No target in view!
No target in view!
No target in view!
No target in view!
No target in view!
No target in view!
No target in view!
No target in view!
No target in view!
No target in view!
No target in view!
No target in view!
You see here a worm corpse.
You butcher the worm corpse.
g - 3 chunks of flesh (gained 1) Are you sure you want to abandon this character and quit the game? (Confirm

.....# #. ...#
#.######.#######
#.#[...........#
##.#.######.###.#
..#.#..<...# #.#
######.#.#.###..#
#.# .......#>#
#..# #.# #...@.#
#..# #.####
#.........# #..#
#.....
...#....#### #..#
#.#### . #..#.#
#..# #.# #.....
#.# #?.... #.####
...... #.....
.#.....# ######
########


There were no monsters in sight!

Vanquished Creatures
  2 worms (D:2)
  3 dart slugs (D:1)
  A leopard gecko (D:1)
  2 bats (D:1)
  A giant cockroach (D:1)
  2 goblins (D:1)
  3 hobgoblins (D:1)
  A frilled lizard (D:1)
  3 kobolds (D:1)
  2 rats (D:1)
20 creatures vanquished.

Notes
Turn   | Place    | Note
-------+----------+-------------------------------------------
     0 | D:1      | galech the Demonspawn Fighter began the quest for the Orb.
     0 | D:1      | Reached XP level 1. HP: 18/18 MP: 1/1
   159 | D:1      | Gained mutation: You have a pair of small horns on your
                  | head. [demonic ancestry]
   159 | D:1      | Reached XP level 2. HP: 23/24 MP: 2/2
   715 | D:2      | Gained mutation: You have sharp toenails. [demonic
                  | ancestry]
   715 | D:2      | Reached XP level 3. HP: 22/29 MP: 3/3
   724 | D:2      | Quit the game

Vault maps used:
D:1:      minmay_arrival_four_houses
D:2:      mumra_celtic_spiral_tile, grunt_temple_overflow_order_and_chaos_2

Skill      XL: |  1  2 |
---------------+-------+-----
Axes           | 2 |  2.2
Shields        | 3 |  3.1
Armour         | 3 |  3.0
Fighting       | |  3.3

Action                   || total
-------------------------++-------
Melee: War axe           ||    51
       Headbutt          ||     3
       Kick              ||     2
Armor: Scale mail        ||    24
       Chain mail        ||     2
Dodge: Dodged            ||    12
Block: Shield            ||    23

Table legend:
 A = Non-vault XP
 B = Vault XP
 C = Vault XP percentage of total XP
 D = Non-vault monster count
 E = Vault monster count
 F = Vault count percentage of total count
                 A         B        C        D         E       F
            +---------+---------+-------+---------+---------+-------
      Total |      46 |       0 |   0.0 |      20 |       0 |   0.0
            +---------+---------+-------+---------+---------+-------
        D:1 |      36 |       0 |   0.0 |      18 |       0 |   0.0
        D:2 |      10 |       0 |   0.0 |       2 |       0 |   0.0
            +---------+---------+-------+---------+---------+-------
